 Dungeon Crawl Stone Soup version 0.30-a0-737-gf23d94013f (webtiles) character file.

Game seed: 13275776316666928206

1022 ryw the Cleaver (level 8, 0/70 HPs)
             Began as a Hill Orc Berserker on Feb 2, 2023.
             Was a Priest of Trog.
             Slain by a gnoll
             ... wielding a +0 flail
             ... led by a gnoll bouda
              (8 damage)
             ... on level 5 of the Dungeon.
             The game lasted 00:10:12 (5702 turns).

ryw the Cleaver (Hill Orc Berserker)                Turns: 5702, Time: 00:10:12

Health: 0/70       AC:  8    Str: 22    XL:     8   Next: 22%
Magic:  8/8        EV: 17    Int:  7    God:    Trog [***...]
Gold:   148        SH:  5    Dex: 10    Spells: 7/7 levels left

rFire   . . .      SeeInvis .    a - +0 hand axe
rCold   + . .      Faith    .    (no shield)
rNeg    + . .      Spirit   .    u - +2 leather armour {rC+}
rPois   .          Reflect  +    f - +0 helmet
rElec   .          Harm     .    d - +0 cloak
rCorr   .          Rampage  .    (no gloves)
Will    .....                    (no boots)
Stlth   +                        k - amulet of reflection
HPRegen 0.31/turn                m - +5 ring of evasion
MPRegen 0.11/turn                p - ring of positive energy

@: weakened
A: no striking features
a: Renounce Religion, Berserk, Trog's Hand


You were on level 5 of the Dungeon.
You worshipped Trog.
Trog was most pleased with you.
You visited 1 branch of the dungeon, and saw 5 of its levels.

You collected 148 gold pieces.

Inventory:

Hand Weapons
 a - a +0 hand axe (weapon)
 s - a +2 morningstar of holy wrath
Missiles
 h - 6 boomerangs (quivered)
Armour
 d - a +0 cloak (worn)
 f - a +0 helmet (worn)
 u - a +2 leather armour of cold resistance (worn)
Jewellery
 b - a +6 ring of intelligence
 k - an amulet of reflection (around neck)
 l - a ring of protection from cold
 m - a +5 ring of evasion (left hand)
 p - a ring of positive energy (right hand)
Wands
 n - a wand of polymorph (10)
Scrolls
 r - a scroll of vulnerability {unknown}
 t - a scroll of enchant armour {unknown}
Potions
 c - 2 potions of degeneration
 i - a potion of heal wounds {unknown}
 j - a potion of might {unknown}
 q - a potion of flight {unknown}


   Skills:
 + Level 6.2 Fighting
 * Level 8.5 Axes
 + Level 5.0 Armour
 + Level 3.8 Dodging


You had 7 spell levels left.
You didn't know any spells.
Your spell library was empty.

Dungeon Overview and Level Annotations

Branches:
Dungeon (5/15)
 Temple: D:4-7

Altars:
Elyvilon
Qazlal
Ru
Uskayaw
Xom

Shops:
D:1 **[??   D:4 [(?

Annotations:
D:4 Eustachio, Pikel


Message History

Trog accepts your kill.
Your Armour skill increases to level 5!
Your attacks no longer feel as feeble.
The gnoll bouda gazes fiercely through you!
You feel your attacks grow feeble.
The gnoll bouda attacks as you move away!
The gnoll bouda hits you with a +0 whip.
* * * LOW HITPOINT WARNING * * *
The gnoll bouda attacks as you move away!
You block the gnoll bouda's attack.
The gnoll hits you from afar with a +0 halberd.
* * * LOW HITPOINT WARNING * * *
The gnoll bouda attacks as you move away!
The gnoll bouda misses you.
The gnoll hits you from afar with a +0 halberd.
* * * LOW HITPOINT WARNING * * *
Your attacks no longer feel as feeble.
The gnoll is no longer moving quickly.
The gnoll bouda barks out a call to the hunt!
The gnolls pick up the pace!
The gnoll barely misses you. x2
As you read the scroll labelled ORIRUS FIFAT, it crumbles to dust.
You hear a loud clanging noise!
It was a scroll of noise.
You hear a bark! x2
The gnoll is no longer moving quickly. x2; The gnoll barely misses you.
The gnoll misses you.
The gnoll hits you from afar with a +0 spear.
* * * LOW HITPOINT WARNING * * *
The gnoll bouda barks out a call to the hunt!
The gnolls pick up the pace!
The gnoll bouda gazes fiercely through you!
You feel your attacks grow feeble.
As you read the scroll labelled LYEDYMP ETARGHE, it crumbles to dust.
The scroll dissolves into smoke.
It was a scroll of fog.
The gnoll closely misses you. The gnoll hits you with a +0 flail.
* * * LOW HITPOINT WARNING * * *
You block the gnoll's attack. The gnoll attacks as you move away!
The gnoll hits you with a +0 flail!
You die...

...#
#........##........
####
#........###.g#....
##gg###....w.######
##### #g.# #...####
....####### #§g#
#..## ..........##
#§## ##..
...........## #§§#
#... ##.....###..##
#g§# ##### ###...#
##..###@§## ##..#
##..##§§§.# #..#
##..##§§..## ##..#
#.## ##...######
####...# #.#
#........###
......## ##.#
##....##...#
#####..## #[##
#...####..# #
##..<# ##.# #..##
##.# #....## #.##
##..# #.#


You could see a gnoll (swift).

Vanquished Creatures
  Prince Ribbit (D:5)
  A water moccasin (D:5)
  A black bear (D:5)
  A centaur (D:5)
  A lemure (D:3)
  A scorpion (D:5)
  A necrophage (D:5)
  2 jellies
  2 hounds
  An orc priest (D:3)
  Jessica (D:3)
  2 iguanas
  4 gnolls (D:3)
  5 adders
  A white imp (D:5)
  An ufetubus (D:5)
  A dart slug (D:2)
  4 orcs
  13 endoplasms
  3 giant cockroaches
  3 goblins
  6 hobgoblins
  4 jackals
  7 kobolds
  6 quokkas
  8 ball pythons
  5 bats
  3 frilled lizards
  6 rats
95 creatures vanquished.

Vanquished Creatures (others)
  An orc wizard (D:3)
1 creature vanquished.

Grand Total: 96 creatures vanquished

Notes
Turn   | Place    | Note
-------+----------+-------------------------------------------
     0 | D:1      | ryw the Hill Orc Berserker began the quest for the Orb.
     0 | D:1      | Reached XP level 1. HP: 19/19 MP: 1/1
    30 | D:1      | Found Caro's Magic Scroll Shop.
    31 | D:1      | Found Xuopt's Magic Scroll Shop.
    33 | D:1      | Found a faded altar of an unknown god.
    96 | D:1      | Reached XP level 2. HP: 27/27 MP: 2/2
   317 | D:1      | Found Vaarghij's Armour Emporium.
   367 | D:1      | Reached XP level 3. HP: 33/33 MP: 3/3
   411 | D:1      | Reached ** piety under Trog
   640 | D:1      | Found Huogekal's Assorted Antiques.
   776 | D:1      | Found Loucapeq's General Store.
  1271 | D:2      | Reached XP level 4. HP: 37/40 MP: 4/4
  2335 | D:4      | Reached skill level 5 in Axes
  2516 | D:3      | Found a sacrificial altar of Ru.
  2533 | D:3      | Found a shimmering altar of Xom.
  2589 | D:3      | Reached XP level 5. HP: 42/47 MP: 5/5
  3094 | D:3      | Reached *** piety under Trog
  3412 | D:3      | Noticed Jessica
  3415 | D:3      | Killed Jessica
  3416 | D:3      | Reached skill level 6 in Axes
  3416 | D:3      | Reached XP level 6. HP: 55/55 MP: 6/6
  3615 | D:3      | Found a stormy altar of Qazlal.
  3719 | D:3      | Reached skill level 5 in Fighting
  3960 | D:4      | Found Ketoh's Magic Scroll Emporium.
  4074 | D:4      | Found Kiocvint's Antique Weapon Shop.
  4103 | D:4      | Noticed Pikel
  4202 | D:5      | Entered Level 5 of the Dungeon
  4629 | D:5      | Reached XP level 7. HP: 54/61 MP: 7/7
  4673 | D:5      | Noticed Prince Ribbit
  4695 | D:5      | Killed Prince Ribbit
  4696 | D:5      | Reached skill level 7 in Axes
  4853 | D:5      | Found a white marble altar of Elyvilon.
  4978 | D:4      | Noticed Eustachio
  4978 | D:4      | Found Dypnaph's Antique Armour Boutique.
  5221 | D:5      | Reached skill level 8 in Axes
  5229 | D:5      | Reached XP level 8. HP: 35/70 MP: 8/8
  5425 | D:5      | Found a hide-covered altar of Uskayaw.
  5687 | D:5      | Reached skill level 5 in Armour
  5702 | D:5      | Slain by a gnoll

Illustrated notes

Levels and vault maps discovered:
D:1:      lemuel_arrival_river_bridge, layout_loops_ring,
          shapermc_ecumenical_altar_mp_highgroup, serial_shops, shop, shop,
          nicolae_shop_advertising_works [nicolae_subvault_shop_adworks],
          nicolae_square_shop, nicolae_square_shop, minmay_tromino_i4
D:2:      kb_forest_paths, layout_basic
D:3:      layout_loops_ring, amcnicky_altar_gilded,
          mainiacjoe_overflow_big_doors, nicolae_concentric_dashed_squares_mild,
          corexii_item_surrounded_by_moat, uniq_jessica
D:4:      layout_rooms, lemuel_crystal_altar, serial_shops,
          nicolae_shop_statue_plus, shop, nicolae_square_shop, shop,
          nicolae_take_the_stairs, uniq_eustachio, uniq_pikel
D:5:      layout_layer_cave, elyvilon_altar_5, nicolae_overflow_crystal_walls,
          uniq_prince_ribbit1

Skill      XL: |  1  2  3  4  5  6  7  8 |
---------------+-------------------------+-----
Fighting       | 4 5 6 |  6.2
Dodging        | 2 3 |  3.8
Armour         | 3 4 5 |  5.0
Axes           | 5 6 8 |  8.5

Action                     |  1- 3 |  4- 6 |  7- 9 || total
---------------------------+-------+-------+-------++-------
  Melee: Hand axe          |   139 |   220 |    90 ||   449
         Punch             |       |     5 |     1 ||     6
  Throw: Boomerang         |       |    11 |     8 ||    19
    Use: Scroll            |       |     4 |     2 ||     6
         Potion            |       |     3 |     2 ||     5
   Stab: Sleeping          |     3 |     1 |       ||     4
         Invisible         |       |     2 |       ||     2
 Armour: Animal skin       |    29 |    30 |       ||    59
         Leather armour    |       |     3 |    17 ||    20
  Dodge: Dodged            |    82 |   144 |    78 ||   304
  Block: Other             |       |    36 |    29 ||    65
         Reflection        |       |     2 |       ||     2

Table legend: (Time is in decaauts)
 A = Elapsed time spent in this place.
 B = Non-inter-level travel time spent in this place.
 C = Inter-level travel time spent in this place.
 D = Time resting spent in this place.
 E = Time spent auto-exploring this place.
 F = Levels seen in this place.
 G = Mean time per level.
                   A        B        C        D        E       F      G
               +--------+--------+--------+--------+--------+-----+--------+
         Total |   5724 |   5555 |    169 |   1070 |   3339 |   5 | 1144.8 |
       Dungeon |   5724 |   5555 |    169 |   1070 |   3339 |   5 | 1144.8 |
               +--------+--------+--------+--------+--------+-----+--------+

Top non-repeatable levels by time:
     D:3: 1507 daAuts
     D:5: 1498 daAuts
     D:2: 1440 daAuts
     D:1: 941 daAuts
     D:4: 336 daAuts
